 Dungeon Crawl Stone Soup version 0.29.1-15-g9cfb28693d (webtiles) character file.

Game seed: 1955561248528875941

560 EarthwalkerPL the Covered (level 7, -4/63 HPs)
             Began as a Minotaur Fighter on Apr 15, 2023.
             Killed from afar by an orc wizard (10 damage)
             ... with a puff of flame
             ... on level 4 of the Dungeon.
             The game lasted 00:05:11 (2826 turns).

EarthwalkerPL the Covered (Minotaur Fighter)        Turns: 2826, Time: 00:05:11

Health: -4/63      AC: 11    Str: 23    XL:     7   Next: 9%
Magic:  6/6        EV:  9    Int:  5    God:
Gold:   195        SH:  4    Dex:  9    Spells: 6/6 levels left

rFire   . . .      SeeInvis .   a - +0 war axe
rCold   . . .      Faith    .   c - +0 buckler
rNeg    . . .      Spirit   .   b - +0 scale mail
rPois   .          Reflect  .   (helmet restricted)
rElec   .          Harm     .   (no cloak)
rCorr   .          Rampage  .   (no gloves)
Will    .....                   (no boots)
Stlth   ..........              (no amulet)
HPRegen 0.20/turn               u - +4 ring of protection
MPRegen 0.10/turn               (no ring)

@: no status effects
A: horns 2, retaliatory headbutt
a: no special abilities


You were on level 4 of the Dungeon.
You visited 1 branch of the dungeon, and saw 4 of its levels.

You collected 195 gold pieces.

Inventory:

Hand Weapons
 a - a +0 war axe (weapon)
Missiles
 t - 2 poisoned darts (quivered)
Armour
 b - a +0 scale mail (worn)
 c - a +0 buckler (worn)
Jewellery
 u - a +4 ring of protection (left hand)
Wands
 v - a wand of flame (20)
Scrolls
 e - 2 scrolls of vulnerability {unknown}
 f - 6 scrolls of identify {unknown}
 g - 2 scrolls of amnesia {unknown}
 i - 4 scrolls of blinking {unknown}
 j - a scroll of summoning {unknown}
 l - a scroll of torment {unknown}
 o - a scroll of fog {unknown}
 q - 2 scrolls of poison {unknown}
 s - a scroll of enchant weapon {unknown}
 w - a scroll of fear {unknown}
 x - a scroll of teleportation {unknown}
Potions
 d - 2 potions of might
 h - a potion of attraction {unknown}
 k - a potion of berserk rage {unknown}
 m - a potion of mutation {unknown}
 n - a potion of resistance {unknown}
 p - a potion of heal wounds {unknown}
 r - a potion of lignification {unknown}


   Skills:
 * Level 6.0 Fighting
 * Level 5.4 Axes
 * Level 6.1 Armour
 + Level 4.9 Shields


You had 6 spell levels left.
You didn't know any spells.
Your spell library contained the following spells:

 Spells                   Type           Power      Damage    Failure   Level
 Foxfire                  Conj/Fire      0%         2x1d4     85%         1
 Conjure Flame            Conj/Fire      0%         6-21      99%         3
 Inner Flame              Hex/Fire       0%         N/A       99%         3
 Flame Wave               Conj/Fire      0%         2d4       100%        4


Dungeon Overview and Level Annotations

Branches:
Dungeon (4/15)
 Temple: D:4-7

Altars:
Dithmenos

Shops:
D:3 (:***


Innate Abilities, Weirdness & Mutations

You have a pair of horns on your head.
You reflexively headbutt those who attack you in melee.


Message History

Things that are here:
a +0 short sword; a +0 leather armour; an orc corpse Unknown command.
You barely miss something. You hit something.
Something hits you but does no damage. Something hits you.
* * * LOW HITPOINT WARNING * * *
Unknown command.
You miss something. You closely miss something.
You hear some strange, mumbled words.
A magic dart appears from out of thin air!
The magic dart hits you but does no damage.
Something hits you but does no damage.
You closely miss something. You hit something but do no damage.
Something hits you but does no damage. x2
You hit something. You miss something.
Something hits you but does no damage. x2
You hear some strange, mumbled words.
A magic dart appears from out of thin air!
The magic dart hits you but does no damage.
Something hits you but does no damage.
You miss something. Your headbutt misses something. You closely miss something.
Something hits you but does no damage. Something hits you.
* * * LOW HITPOINT WARNING * * *
You closely miss something. Your headbutt misses something. You miss something.
You hear some strange, mumbled words.
A magic dart appears from out of thin air!
The magic dart hits you.
* * * LOW HITPOINT WARNING * * *
Something hits you but does no damage.
You miss something. x2; Something hits you but does no damage. x2
You closely miss something. You barely miss something.
You hear some strange, mumbled words.
A puff of flame appears from out of thin air!
The puff of flame misses you. Something hits you but does no damage.
You hear some strange, mumbled words.
A magic dart appears from out of thin air!
The magic dart hits you but does no damage.
You hear some strange, mumbled words.
A puff of flame appears from out of thin air!
The puff of flame hits you!
You die...

#.<........#########....#
#..........#......##....##.
#..........#......#........
#..........#......#........
#..........#.....†#........
#..........'......'........
#........).#...|..##...###.
#.......†.{#......####+# .
......){@#......#
.........#......#
.........#........
.........#......##
.........#......#
.........#......#
.........# ........#


There were no monsters in sight!

Vanquished Creatures
  Grinder (D:3)
  A scorpion (D:2)
  A hound (D:4)
  2 orc priests
  3 orc wizards
  An iguana (D:4)
  3 adders
  A worm (D:2)
  12 orcs
  4 bats
  5 endoplasms
  A giant cockroach (D:1)
  3 goblins
  7 hobgoblins
  4 jackals (D:3)
  5 kobolds
  5 ball pythons
  8 frilled lizards
  11 rats
78 creatures vanquished.

Notes
Turn   | Place    | Note
-------+----------+-------------------------------------------
     0 | D:1      | EarthwalkerPL the Minotaur Fighter began the quest for the
                  | Orb.
     0 | D:1      | Reached XP level 1. HP: 19/19 MP: 0/0
   268 | D:1      | Reached XP level 2. HP: 27/27 MP: 1/1
  1017 | D:2      | Reached XP level 3. HP: 33/33 MP: 2/2
  1217 | D:2      | Noticed a scorpion
  1224 | D:2      | Killed a scorpion
  1225 | D:2      | Reached XP level 4. HP: 41/41 MP: 3/3
  1657 | D:2      | Reached XP level 5. HP: 25/47 MP: 4/4
  1914 | D:3      | Reached skill level 5 in Armour
  1981 | D:3      | Found a shadowy altar of Dithmenos.
  2046 | D:3      | Noticed Grinder
  2048 | D:3      | Paralysed by Grinder for 2 turns
  2055 | D:3      | Paralysed by Grinder for 5 turns
  2065 | D:3      | Killed Grinder
  2066 | D:3      | Reached skill level 5 in Fighting
  2066 | D:3      | Reached skill level 5 in Axes
  2066 | D:3      | Reached XP level 6. HP: 40/56 MP: 5/5
  2066 | D:3      | Found Ysmitoura's Book Shoppe.
  2194 | D:3      | Found Emnatoimp's Antique Weapon Boutique.
  2297 | D:3      | Found Boil's General Store.
  2345 | D:3      | Found Uweomal's General Store.
  2447 | D:3      | Found Olacsu's General Store.
  2803 | D:4      | Reached XP level 7. HP: 52/62 MP: 6/6
  2826 | D:4      | Killed from afar by an orc wizard

Illustrated notes

Levels and vault maps discovered:
D:1:      wheals_arrival_shading, layout_loops_ring
D:2:      layout_basic
D:3:      layout_rooms, mainiacjoe_overflow_cross_hatched, serial_shops,
          nicolae_shop_hallway_plus, shop_statue, nicolae_lakefront_shop, shop,
          shop_statue, uniq_grinder
D:4:      layout_gridville, tgw_xom, minmay_temple_entry_antechambers,
          minmay_misc_feat_five

Skill      XL: |  1  2  3  4  5  6  7 |
---------------+----------------------+-----
Armour         | 4 5 6 |  6.1
Axes           | 3 4 5 |  5.4
Fighting       | 4 5 6 |  6.0
Shields        | 4 |  4.9

Action                   |  1- 3 |  4- 6 |  7- 9 || total
-------------------------+-------+-------+-------++-------
Melee: War axe           |    74 |    91 |    22 ||   187
       Headbutt          |     7 |    12 |     1 ||    20
Throw: Dart              |     2 |     2 |       ||     4
Armor: Scale mail        |    26 |    45 |    48 ||   119
Dodge: Dodged            |    31 |    53 |    15 ||    99
Block: Buckler           |    20 |    19 |     3 ||    42
